 Dungeon Crawl Stone Soup version 0.30-a0-737-gf23d94013f (webtiles) character file.

Game seed: 13955983525792715541

10818 Farfigtubin the Severer (level 11, -8/101 HPs)
             Began as a Hill Orc Fighter on Feb 3, 2023.
             Was a Priest of Yredelemnul.
             Mangled by a death yak (12 damage)
             ... on level 2 of the Lair of Beasts.
             The game lasted 00:39:39 (6091 turns).

Farfigtubin the Severer (Hill Orc Fighter)          Turns: 6091, Time: 00:39:40

Health: -8/101     AC: 14    Str: 24    XL:     11   Next: 68%
Magic:  11/11      EV: 10    Int:  8    God:    Yredelemnul [***...]
Gold:   475        SH:  6    Dex: 14    Spells: 10/10 levels left

rFire   + . .      SeeInvis +    z - +0 war axe (elec)
rCold   . . .      Faith    .    q - +0 buckler "Faneck" {Dex+4}
rNeg    + . .      Spirit   .    r - +6 ring mail of Kocloen {rF+ rN+ Slay+3}
rPois   +          Reflect  .    j - +0 helmet
rElec   .          Harm     .    (no cloak)
rCorr   .          Rampage  .    (no gloves)
Will    .....                    (no boots)
Stlth   +                        H - amulet of the acrobat
HPRegen 0.36/turn                o - ring of poison resistance
MPRegen 0.12/turn                v - ring of see invisible

@: mighty
A: no striking features
a: Renounce Religion, Recall Undead Harvest, Dark Bargain


You were on level 2 of the Lair of Beasts.
You worshipped Yredelemnul.
Yredelemnul was noncommittal.
You visited 3 branches of the dungeon, and saw 11 of its levels.
You also visited: Volcano.

You collected 618 gold pieces.
You spent 143 gold pieces at shops.

Inventory:

Hand Weapons
 a - a +0 war axe
 z - a +0 war axe of electrocution (weapon)
Missiles
 F - a throwing net (quivered)
Armour
 j - a +0 helmet (worn)
 q - the +0 buckler "Faneck" (worn) {Dex+4}
   (You found it on level 2 of the Dungeon)

   Dex:       It affects your dexterity (+4).
 r - the +6 ring mail of Kocloen (worn) {rF+ rN+ Slay+3}
   (You found it on level 2 of the Dungeon)

   Slay:      It affects your accuracy & damage with ranged weapons and melee
   (+3).
   rF:        It protects you from fire.
   rN:        It protects you from negative energy.
Magical Staves
 h - a staff of death
Jewellery
 o - a ring of poison resistance (left hand)
 v - a ring of see invisible (right hand)
 w - a ring of ice
 A - a ring of flight
 H - an amulet of the acrobat (around neck)
Wands
 D - a wand of flame (37)
 K - a wand of charming (8)
Scrolls
 e - 6 scrolls of teleportation {unknown}
 g - 2 scrolls of magic mapping {unknown}
 k - a scroll of brand weapon {unknown}
 l - 3 scrolls of immolation {unknown}
 m - 5 scrolls of fear {unknown}
 p - 3 scrolls of enchant armour {unknown}
 t - a scroll of fog {unknown}
 x - 2 scrolls of silence {unknown}
 y - a scroll of amnesia {unknown}
 C - 5 scrolls of identify {unknown}
 L - a scroll of vulnerability {unknown}
 M - a scroll of noise {unknown}
Potions
 b - 2 potions of attraction {unknown}
 c - 3 potions of degeneration {unknown}
 d - a potion of might
 f - 2 potions of resistance {unknown}
 i - a potion of invisibility {unknown}
 n - 4 potions of curing
 s - a potion of berserk rage
 u - 3 potions of flight {unknown}
 B - 3 potions of mutation {unknown}
 E - 4 potions of brilliance {unknown}
 G - a potion of lignification {unknown}
 I - a potion of haste {unknown}


   Skills:
 + Level 10.7 Fighting
 + Level 16.9 Axes
 + Level 8.2 Armour
 + Level 2.5 Stealth
 + Level 6.8 Shields


You had 10 spell levels left.
You didn't know any spells.
Your spell library contained the following spells:

 Spells                   Type           Power      Damage    Failure   Level
 Shock                    Conj/Air       0%         1d3       63%         1
 Slow                     Hex            0%         N/A       63%         1
 Confusing Touch          Hex            0%         N/A       94%         3
 Swiftness                Air            0%         N/A       94%         3
 Vampiric Draining        Necr           0%         2d6       94%         3
 Airstrike                Air            0%         2d(0-16)  100%        4
 Haunt                    Necr/Summ      0%         N/A       100%        7
 Infestation              Necr           0%         N/A       100%        8
 Chain Lightning          Conj/Air       0%         N/A       100%        9
 Fire Storm               Conj/Fire      0%         5d1       100%        9
 Shatter                  Erth           0%         3d5*      100%        9
 Animate Dead             Necr           Unusable   N/A       N/A         4

Dungeon Overview and Level Annotations

Branches:
Dungeon (8/15)             Temple (1/1) D:4            Lair (2/5) D:8
 Spider (0/4) Lair:2      Volcano (visited)
  Swamp: Lair:2-3    Shoals: Lair:2-3

Altars:
Ashenzari
Cheibriados
Dithmenos
Elyvilon
Fedhas
Gozag
Kikubaaqudgha
Makhleb
Nemelex Xobeh
Okawaru
Qazlal
Ru
Sif Muna
Trog
Uskayaw
Vehumet
Wu Jian
Xom
Yredelemnul
Zin
The Shining One

Shops:
D:2 !

Annotations:
D:3 2 transporters, tonyyikes's ghost, amateur DjCj


Message History

The death yak gores you but does no damage.
The death yak gores you!!
* * * LOW HITPOINT WARNING * * *
Your death yak zombie gores the rime drake!
Your tarantella zombie hits the death yak but does no damage.
You slice the death yak!!
You kill the death yak!
You slash the death yak! You hit the death yak. You slash the death yak!
Lightning courses through the death yak!
You slash the death yak!
The rime drake bites your death yak zombie.
The death yak barely misses you. The death yak closely misses you.
The death yak gores you.
* * * LOW HITPOINT WARNING * * *
The death yak closely misses you.
Your tarantella zombie hits the death yak.
Your Armour skill increases to level 8!
You slice the death yak!!
Lightning courses through the death yak!
You kill the death yak!
You slash the death yak! x3; The dead are walking!
The rime drake breathes ice at you. The icy flash freeze misses you.
Your death yak zombie closely misses the rime drake.
Your tarantella zombie hits the death yak but does no damage.
The death yak gores you but does no damage. x2
The death yak closely misses you.
You slash the death yak!
The death yak is severely wounded.
You slash the death yak! x2
Your tarantella zombie hits the death yak but does no damage.
Your death yak zombie gores the rime drake!!
The rime drake dies!
You barely miss the death yak.
The death yak is severely wounded.
You hit the death yak. You slash the death yak!
Lightning courses through the death yak!!
The death yak gores you!
You die...
Your body rises from the dead as a mindless zombie.

#.....## #.. ###......#
# ##.. #......... ..
###..# ##...##...
...#.P..# ###...##...
........# ##.....###..
........#####.......##..
....Z.Y.Y...............
.....Z.@................
....##YZ...........####.
# #.##........PP# ##
..##..........## #
..#...........## #
................# #
#P..........##...#
##....##....# ...# ..#.
##...# #..P#


You could see 3 death yaks, 2 friendly death yak zombies and a friendly
tarantella zombie.

Vanquished Creatures
  A two-headed ogre (D:8)
  3 death yaks (Lair:2)
  2 black mambas (Lair:1)
  2 cane toads (Lair:1)
  A rime drake (Lair:1)
  A tarantella (Lair:2)
  A jumping spider (Lair:2)
  A wyvern (D:7)
  A fire bat (Volcano)
  A steam dragon (D:7)
  2 wargs (D:8)
  4 water moccasins
  3 orc warriors
  2 ice beasts
  A black bear (D:5)
  A centaur (D:8)
  An ogre (D:5)
  2 bullfrogs (D:7)
  A gnoll sergeant (D:6)
  4 scorpions
  3 wights (D:8)
  6 killer bees (D:8)
  6 lava snakes (Volcano)
  3 hounds
  A jelly (D:5)
  2 orc priests (D:8)
  3 iguanas
  5 orc wizards
  Ijyb (D:5)
  4 gnolls
  2 adders
  A shadow imp (D:5)
  2 white imps
  3 worms
  A dart slug (D:3)
  18 orcs
  4 bats
  4 endoplasms
  4 giant cockroaches
  11 goblins
  A hobgoblin (D:2)
  4 jackals (D:4)
  2 quokkas
  5 ball pythons
  2 frilled lizards
  10 kobolds
  5 rats
148 creatures vanquished.

Vanquished Creatures (collateral kills)
  Nergalle (Lair:1)
  A pharaoh ant (Lair:2)
  2 black mambas (Lair:1)
  A rime drake (Lair:2)
  A polar bear (Lair:1)
  A jumping spider (Lair:2)
  A wyvern (D:7)
  A black bear (D:8)
  An orc warrior (D:8)
  A phantom (D:5)
  A kobold brigand (D:8)
  2 bullfrogs
  A wight (D:8)
  2 killer bees (D:8)
  A hound (D:6)
  A gnoll bouda (D:8)
  2 iguanas
  2 orc wizards (D:8)
  5 gnolls
  6 orcs (D:8)
  3 kobolds (D:8)
37 creatures vanquished.

Vanquished Creatures (others)
  A human (D:8)
  A bullfrog zombie (Lair:2)
  A centaur zombie (D:8)
  3 killer bee zombies (D:8)
  A hound zombie (D:6)
  3 orc zombies (D:8)
  3 lava snake zombies (Volcano)
  3 fungi
  4 plants
20 creatures vanquished.

Grand Total: 205 creatures vanquished

Notes
Turn   | Place    | Note
-------+----------+-------------------------------------------
     0 | D:1      | Farfigtubin the Hill Orc Fighter began the quest for the
                  | Orb.
     0 | D:1      | Reached XP level 1. HP: 19/19 MP: 1/1
    66 | D:1      | Reached XP level 2. HP: 27/27 MP: 2/2
   252 | D:1      | Reached skill level 3 in Axes
   548 | D:2      | Reached XP level 3. HP: 33/33 MP: 3/3
   757 | D:2      | Identified the +0 buckler "Faneck" {Dex+4}
   793 | D:2      | Identified the +6 ring mail of Kocloen {rF+ rN+ Slay+3}
   990 | D:2      | Found Bahuerch's Distillery.
  1014 | D:2      | Bought a potion of heal wounds for 55 gold pieces
  1014 | D:2      | Bought a potion of curing for 33 gold pieces
  1014 | D:2      | Bought a potion of berserk rage for 55 gold pieces
  1231 | D:3      | Reached XP level 4. HP: 36/40 MP: 4/4
  1264 | D:3      | Reached skill level 4 in Axes
  1364 | D:3      | Found a transporter.
  1390 | D:3      | Found a transporter.
  1394 | D:3      | Noticed tonyyikes's ghost (amateur DjCj)
  1782 | D:4      | Found a blossoming altar of Fedhas.
  1786 | D:4      | Found a broken altar of Ashenzari.
  1808 | D:4      | Found a glowing silver altar of Zin.
  1851 | D:4      | Found a staircase to the Ecumenical Temple.
  1882 | Temple   | Entered the Ecumenical Temple
  1929 | Temple   | Became a worshipper of Yredelemnul the Dark
  1947 | D:4      | Found a radiant altar of Vehumet.
  1989 | D:4      | You fall into a shaft and drop 1 floor!
  1989 | D:5      | Entered Level 5 of the Dungeon
  1998 | D:5      | Noticed an ogre
  2009 | D:5      | Noticed a scorpion
  2013 | D:5      | HP: 1/41 [ogre/+0 giant club (21)]
  2016 | D:5      | Killed an ogre
  2017 | D:5      | Reached skill level 5 in Axes
  2017 | D:5      | Reached XP level 5. HP: 19/47 MP: 5/5
  2021 | D:5      | Reached * piety under Yredelemnul
  2076 | D:5      | Reached skill level 6 in Axes
  2076 | D:5      | Reached XP level 6. HP: 40/53 MP: 6/6
  2083 | D:5      | Found a burning altar of Makhleb.
  2102 | D:5      | Reached ** piety under Yredelemnul
  2139 | D:5      | Noticed an orc warrior
  2151 | D:5      | Killed an orc warrior
  2153 | D:5      | Reached skill level 7 in Axes
  2156 | D:5      | Reached skill level 5 in Fighting
  2156 | D:5      | Reached XP level 7. HP: 35/61 MP: 7/7
  2197 | D:5      | Reached *** piety under Yredelemnul
  2237 | D:5      | Noticed Ijyb
  2245 | D:5      | Reached skill level 8 in Axes
  2249 | D:5      | Killed Ijyb
  2259 | D:5      | Identified the +2 pair of gloves of Topaucke {Will+ Str-3
                  | Dex+3}
  2275 | D:5      | Found a sparkling altar of Nemelex Xobeh.
  2417 | D:5      | Reached XP level 8. HP: 54/70 MP: 8/8
  2418 | D:5      | Reached skill level 9 in Axes
  2418 | D:5      | Reached skill level 5 in Armour
  2771 | D:6      | Found an iron altar of Okawaru.
  3075 | D:6      | Reached skill level 10 in Axes
  3078 | D:6      | Identified the +9 falchion of Callousness {flame, *Corrode
                  | Dex+4}
  3273 | D:7      | Noticed a wyvern
  3280 | D:7      | Killed a wyvern
  3281 | D:7      | Reached skill level 1 in Stealth
  3424 | D:7      | Reached skill level 11 in Axes
  3565 | D:7      | Noticed a wyvern
  3570 | D:7      | Reached XP level 9. HP: 63/78 MP: 9/9
  4077 | D:8      | Reached skill level 12 in Axes
  4088 | D:8      | Found an opulent altar of Gozag.
  4122 | D:8      | Found an ancient bone altar of Kikubaaqudgha.
  4180 | D:8      | Noticed a two-headed ogre
  4189 | D:8      | Killed a two-headed ogre
  4190 | D:8      | Reached skill level 5 in Shields
  4215 | D:8      | Found a white marble altar of Elyvilon.
  4267 | D:8      | Found a staircase to the Lair.
  4274 | D:8      | Reached skill level 13 in Axes
  4283 | D:8      | Reached XP level 10. HP: 39/88 MP: 10/10
  4417 | D:8      | Reached **** piety under Yredelemnul
  4437 | D:8      | Reached skill level 14 in Axes
  4465 | D:8      | Found a sacrificial altar of Ru.
  4551 | D:8      | Reached ***** piety under Yredelemnul
  4606 | D:8      | Reached ****** piety under Yredelemnul
  4952 | Lair:1   | Entered Level 1 of the Lair of Beasts
  4998 | Lair:1   | Noticed a black mamba
  5004 | Lair:1   | Killed a black mamba
  5015 | Lair:1   | Noticed a cane toad
  5020 | Lair:1   | Killed a cane toad
  5021 | Lair:1   | Reached skill level 15 in Axes
  5041 | Lair:1   | Noticed Nergalle
  5045 | Lair:1   | Noticed a cane toad
  5058 | Lair:1   | Killed a cane toad
  5058 | Lair:1   | Killed Nergalle
  5073 | Lair:1   | Noticed a black mamba
  5079 | Lair:1   | Killed a black mamba
  5080 | Lair:1   | Reached XP level 11. HP: 35/99 MP: 11/11
  5119 | Lair:1   | Reached skill level 10 in Fighting
  5119 | Lair:1   | Reached skill level 16 in Axes
  5359 | Lair:1   | Found a dark tunnel.
  5687 | Volcano  | Entered a volcano
  5939 | Lair:2   | Noticed a pharaoh ant
  5939 | Lair:2   | Found a hole to the Spider Nest.
  5949 | Lair:2   | Killed a pharaoh ant
  6074 | Lair:2   | Noticed a death yak
  6074 | Lair:2   | Noticed a death yak
  6075 | Lair:2   | Noticed a death yak
  6076 | Lair:2   | Noticed a death yak
  6076 | Lair:2   | Noticed a death yak
  6077 | Lair:2   | Noticed a death yak
  6084 | Lair:2   | Killed a death yak
  6087 | Lair:2   | HP: 4/101 [death yak (21)]
  6088 | Lair:2   | Killed a death yak
  6089 | Lair:2   | Killed a death yak
  6091 | Lair:2   | Mangled by a death yak

Illustrated notes

Levels and vault maps discovered:
D:1:      minmay_arrival_doors, layout_rooms, corexii_hall_statues_i
D:2:      layout_basic, serial_shops, shop_coins,
          nicolae_concentric_dashed_squares_wild
D:3:      layout_loops_ring, gammafunk_ghost_mausoleum, kennysheep_doodads
D:4:      layout_loops_cross, mainiacjoe_overflow_small_starburst, zin_academy,
          mainiacjoe_overflow_catwalk_spiral, minmay_temple_entry_glass,
          minmay_misc_feat_tower
D:5:      layout_cave_pools, lemuel_doored_altar,
          mainiacjoe_overflow_surrounded_room, serial_rivers,
          chequers_serial_rivers_micro_a, chequers_serial_rivers_micro_b,
          chequers_serial_rivers_micro_a, chequers_serial_rivers_small_a,
          uniq_ijyb
D:6:      layout_basic, okawaru_trees_1
D:7:      layout_loops_corners
D:8:      layout_gridville, mainiacjoe_overflow_brackets,
          mainiacjoe_overflow_catwalk, tgw_kikubaaqudgha,
          mainiacjoe_overflow_24_doors, erik_lair_orcish_takeover
Temple:   hellmonk_temple_rainy
Lair:1:   layout_misc_corridors, enter_volcano_2, amcnicky_mini_pool_medium,
          uniq_nergalle
Lair:2:   layout_layer_cave, nicolae_spider_entry_lesser_pyramids,
          serial_bayou_shore_b

Skill      XL: |  1  2  3  4  5  6  7  8  9 10 11 |
---------------+----------------------------------+-----
Axes           | 3 5 6 7 8 11 13 15 16 | 16.9
Fighting       | 4 5 6 8 9 10 | 10.7
Armour         | 4 5 6 7 8 |  8.2
Shields        | 4 5 6 |  6.8
Stealth        | 1 2 |  2.5

Action                     |  1- 3 |  4- 6 |  7- 9 | 10-12 || total
---------------------------+-------+-------+-------+-------++-------
  Melee: War axe           |   104 |    58 |   120 |   140 ||   422
    Use: Potion            |       |     2 |     2 |     3 ||     7
   Stab: Distracted        |       |       |       |     2 ||     2
 Armour: Scale mail        |    19 |       |       |       ||    19
         Chain mail        |    32 |       |       |       ||    32
         Ring mail         |     7 |    28 |    40 |    40 ||   115
  Dodge: Dodged            |    51 |    30 |    62 |    82 ||   225
  Block: Buckler           |    21 |    15 |    30 |    29 ||    95

Table legend: (Time is in decaauts)
 A = Elapsed time spent in this place.
 B = Non-inter-level travel time spent in this place.
 C = Inter-level travel time spent in this place.
 D = Time resting spent in this place.
 E = Time spent auto-exploring this place.
 F = Levels seen in this place.
 G = Mean time per level.
                   A        B        C        D        E       F      G
               +--------+--------+--------+--------+--------+-----+--------+
         Total |   6120 |   5931 |    189 |      0 |   2650 |  12 |  510.0 |
       Dungeon |   4946 |   4781 |    165 |      0 |   2186 |   8 |  618.2 |
        Temple |     56 |     56 |      0 |      0 |      0 |   1 |   56.0 |
          Lair |    907 |    884 |     23 |      0 |    464 |   2 |  453.5 |
       Volcano |    210 |    210 |      0 |      0 |      0 |   1 |  210.0 |
               +--------+--------+--------+--------+--------+-----+--------+

Top non-repeatable levels by time:
     D:8: 895 daAuts
     D:7: 800 daAuts
  Lair:1: 761 daAuts
     D:2: 740 daAuts
     D:5: 645 daAuts
     D:6: 624 daAuts
     D:3: 575 daAuts
     D:1: 508 daAuts
 Volcano: 210 daAuts
     D:4: 157 daAuts
  Lair:2: 145 daAuts
  Temple: 56 daAuts
